 Dungeon Crawl Stone Soup version 0.19-a0-1456-gc747e27 (webtiles) character file.

47 PurpleRed the Conjurer (level 3, -1/19 HPs)
             Began as a Deep Elf Conjurer on Sept 6, 2016.
             Slain by an adder (5 damage)
             ... on level 3 of the Dungeon.
             The game lasted 00:03:14 (363 turns).

PurpleRed the Conjurer (Deep Elf Conjurer)           Turns: 363, Time: 00:03:15

Health: -1/19      AC:  2    Str: 10    XL:     3   Next: 48%
Magic:  1/10       EV: 13    Int: 20    God:
Gold:   49         SH:  0    Dex: 15    Spells: 2 memorised, 6 levels left

rFire  . . .     SeeInvis .     g - +0 spear
rCold  . . .     Gourm    .     a - +0 robe
rNeg   . . .     Faith    .     (no shield)
rPois  .         Spirit   .     (no helmet)
rElec  .         Dismiss  .     (no cloak)
rCorr  .         Reflect  .     (no gloves)
MR     .....     Harm     .     (no boots)
Stlth  ++........               (no amulet)
                                (no ring)
                                (no ring)

@: mighty
A: no striking features
a: no special abilities


You were on level 3 of the Dungeon.
You were not hungry.

You visited 1 branch of the dungeon, and saw 3 of its levels.

You collected 49 gold pieces.

Inventory:

Hand Weapons
 g - a +0 spear (weapon)
Armour
 a - a +0 robe (worn)
Scrolls
 d - 6 scrolls of identify {unknown}
 e - a scroll of fog {unknown}
 i - a scroll of magic mapping {unknown}
 k - a scroll of remove curse {unknown}
Potions
 j - a potion of degeneration {unknown}
Books
 b - a book of Conjurations

   Spells                             Type                      Level
   a - Magic Dart                     Conjuration                  1
   b - Searing Ray                    Conjuration                  2
   c - Dazzling Spray                 Conjuration/Hexes            3
   d - Fulminant Prism                Conjuration/Hexes            4
   e - Iskenderun's Mystic Blast      Conjuration                  4
   f - Iskenderun's Battlesphere      Conjuration/Charms           5
Comestibles
 c - 3 bread rations
 f - a meat ration
 l - a beef jerky


   Skills:
 - Level 2.4 Dodging
 - Level 2.4 Stealth
 + Level 3.9 Spellcasting
 * Level 5.4 Conjurations


You had 6 spell levels left.
You knew the following spells:

 Your Spells              Type           Power        Failure   Level  Hunger
a - Magic Dart            Conj           ####         1%          1    None
b - Searing Ray           Conj           ####..       2%          2    ##.....


Dungeon Overview and Level Annotations

Branches:
Dungeon (3/15)

Altars:
Elyvilon
Gozag
Kikubaaqudgha
Qazlal


Message History

The magic dart hits the adder.
The adder is moderately wounded.
Casting: Magic Dart
Confirm with . or Enter, or press ? or * to list all spells.
Aiming: Magic Dart
Press: ? - help, Shift-Dir - straight line, f/p - adder
Aim: an adder (moderately wounded)
The magic dart hits the adder.
The adder is moderately wounded.
Attack whom?
Press: ? - help, Dir - move target cursor, f/p - adder
Aim: an adder (moderately wounded)
You reach to attack!
You miss the adder.
The adder is moderately wounded.
The adder bites you.
* * * LOW HITPOINT WARNING * * *
You miss the adder.
The adder is moderately wounded.
The adder bites you.
You die...

####......S#
........... .......
........#.. .?.....
..........###.....##
..._.......(.........
........#w.)..?...#..
..........##........#
_..8.._..<#........#
.......S...S@.....#
...........#....###
..._.....###....#
S........# #..).#
......................
$...............#..###
........##.##.......#
.......#.. #...##....
.... ....# ..


You could see an adder and a ball python (wandering).

Vanquished Creatures
  2 adders (D:2)
  An ooze (D:2)
  A worm (D:3)
  A giant gecko (D:3)
  A bat (D:2)
  A giant cockroach (D:2)
  3 goblins
  3 hobgoblins (D:2)
  2 ball pythons
  5 kobolds
  3 rats
23 creatures vanquished.

Notes
Turn   | Place    | Note
-------+----------+-------------------------------------------
     0 | D:1      | PurpleRed the Deep Elf Conjurer began the quest for the Orb.
     0 | D:1      | Reached XP level 1. HP: 10/10 MP: 6/6
    95 | D:2      | Reached XP level 2. HP: 15/15 MP: 1/8
    99 | D:2      | Learned a level 2 spell: Searing Ray
   217 | D:2      | Reached skill level 5 in Conjurations
   318 | D:2      | Reached XP level 3. HP: 5/19 MP: 5/10
   330 | D:3      | Found an opulent altar of Gozag.
   330 | D:3      | Found a stormy altar of Qazlal.
   330 | D:3      | Found an ancient bone altar of Kikubaaqudgha.
   334 | D:3      | Found a white marble altar of Elyvilon.
   363 | D:3      | Slain by an adder

Vault maps used:
D:1:      minmay_arrival_jagged, minmay_tromino_v4_a
D:2:      first_bread
D:3:      okawaru_gym_becter, fiery_altar_vehumet, grunt_temple_overflow_open

Skill      XL: |  1  2 |
---------------+-------+-----
Conjurations   | 5 |  5.4
Dodging        | |  2.4
Stealth        | |  2.4
Spellcasting   | |  3.9

Action                   || total
-------------------------++-------
Melee: Spear             ||    15
 Cast: Magic Dart        ||    38
       Searing Ray       ||     1
  Use: Potion            ||     1
Armor: Robe              ||     2
Dodge: Dodged            ||    11
